 Dungeon Crawl Stone Soup version 0.24-a0-246-gb963c9a (webtiles) character file.

Game seed: 16701857665255957012

21 Gorice the Twirler (level 2, -2/20 HPs)
             Began as a Gnoll Wanderer on Apr 12, 2019.
             Slain by a hobgoblin
             ... wielding a +0 club
              (6 damage)
             ... on level 1 of the Dungeon.
             The game lasted 00:01:15 (266 turns).

Gorice the Twirler (Gnoll Wanderer)                  Turns: 266, Time: 00:01:17

Health: -2/20      AC:  2    Str: 13    XL:     2   Next: 87%
Magic:  3/3        EV: 13    Int: 16    God:
Gold:   9          SH:  0    Dex: 13    Spells: 2/2 levels left

rFire    . . .     SeeInvis .   a - +2 quarterstaff
rCold    . . .     Gourm    .   (shield currently unavailable)
rNeg     . . .     Faith    .   d - +0 robe
rPois    .         Spirit   .   (no helmet)
rElec    .         Reflect  .   (no cloak)
rCorr    .         Harm     .   (no gloves)
MR       .....                  (no boots)
Stlth    +++.......             (no amulet)
HPRegen  0.06/turn              (no ring)
MPRegen  0.08/turn              (no ring)

@: no status effects
A: distributed training, fangs 1, strong nose
a: no special abilities


You were on level 1 of the Dungeon.
You were not hungry.

You visited 1 branch of the dungeon, and saw 1 of its levels.

You collected 9 gold pieces.

Inventory:

Hand Weapons
 a - a +2 quarterstaff (weapon)
 b - a +0 spear
 e - a +0 dagger
Missiles
 Y - 3 stones (quivered)
Armour
 d - a +0 robe (worn)
Scrolls
 i - a scroll of identify {unknown}
Potions
 c - a potion of lignification {!q}
 g - a potion of curing {unknown}
Comestibles
 f - 2 rations
 h - 5 chunks of flesh


   Skills:
 + Level 0.5 Fighting
 + Level 0.5 Short Blades
 + Level 0.5 Long Blades
 + Level 0.5 Axes
 + Level 0.5 Maces & Flails
 + Level 0.5 Polearms
 + Level 6.5 Staves
 + Level 0.5 Slings
 + Level 0.5 Bows
 + Level 0.5 Crossbows
 + Level 0.5 Throwing
 + Level 0.5 Armour
 + Level 2.5 Dodging
 + Level 4.1 Stealth
 + Level 0.5 Shields
 + Level 0.5 Unarmed Combat
 + Level 0.5 Spellcasting
 + Level 0.3 Conjurations
 + Level 0.3 Hexes
 + Level 0.3 Charms
 + Level 0.3 Summonings
 + Level 0.3 Necromancy
 + Level 5.3 Translocations
 + Level 0.3 Transmutations
 + Level 0.3 Fire Magic
 + Level 0.3 Ice Magic
 + Level 0.3 Air Magic
 + Level 0.3 Earth Magic
 + Level 0.3 Poison Magic
 + Level 0.6 Invocations
 + Level 2.5 Evocations


You had 2 spell levels left.
You didn't know any spells.
Your spell library was empty.

Dungeon Overview and Level Annotations

Branches:
Dungeon (1/15)

Altars:


Innate Abilities, Weirdness & Mutations

Your experience applies equally to all skills.
You have very sharp teeth.
Your uncanny sense of smell can sniff out nearby items.


Message History

The leopard gecko hisses menacingly.
You thump the leopard gecko!
You kill the leopard gecko!
No target in view!
No target in view!
No target in view!
No target in view!
You see here a leopard gecko corpse.
You butcher the leopard gecko corpse.
h - 7 chunks of flesh (gained 1)
You see here a leopard gecko skeleton.
f - 2 rations (gained 1)
A hobgoblin comes into view. It is wielding a +0 club.
A kobold comes into view. It is wielding a +0 whip.
The hobgoblin shouts!
The kobold shouts!
A giant cockroach comes into view.
The hobgoblin closely misses you.
You hit the hobgoblin but do no damage. The hobgoblin hits you with a +0 club.
Damage: 2 (max 2)
You hit the kobold.
You kill the kobold!
The hobgoblin hits you but does no damage.
Some of the chunks of flesh in your inventory have rotted away.
You hit the hobgoblin but do no damage. The hobgoblin misses you.
You completely miss the hobgoblin. The giant cockroach closely misses you.
The hobgoblin hits you with a +0 club.
Damage: 5 (max 5)
You closely miss the giant cockroach.
You bite the giant cockroach, but do no damage.
The giant cockroach bites you.
* * * LOW HITPOINT WARNING * * *
Damage: 2 (max 5)
You are too injured to fight recklessly!
You are too injured to fight recklessly!
The hobgoblin hits you with a +0 club.
* * * LOW HITPOINT WARNING * * *
Damage: 2 (max 5)
You are too injured to fight recklessly!
You are too injured to fight recklessly!
You are too injured to fight recklessly!
You are too injured to fight recklessly!
You hit the hobgoblin.
The hobgoblin is moderately wounded.
You hit the hobgoblin.
The hobgoblin is heavily wounded.
The hobgoblin misses you.
You closely miss the hobgoblin.
The hobgoblin is moderately wounded.
The hobgoblin hits you with a +0 club.
You die... ..........###.............###.# #############.#.#.#.#.#.#.# ..................# #...........#.#.#.# #.........###.#...# ........###.#.### ≈≈P♣ # ..........#.#####.
PP≈≈P

≈##..♣.♣)♣#♣#♣#♣........
♣.≈≈♣♣≈#
#....sg@......#######
♣P≈≈P.≈# ##♣#♣#♣.♣.♣#♣##
P.≈≈.P≈# #.....#
♣♣≈≈P♣≈# #.....#
≈≈≈≈P♣≈##### ......##
...≈♣♣≈#...##......#
##.≈≈≈≈#...##......#
§#.....'..<##......#
##.≈≈≈≈#...#


You could see a giant cockroach and a hobgoblin.

Vanquished Creatures
  A dart slug (D:1)
  A leopard gecko (D:1)
  A giant cockroach (D:1)
  A goblin (D:1)
  A hobgoblin (D:1)
  5 bats (D:1)
  A frilled lizard (D:1)
  4 kobolds (D:1)
  3 rats (D:1)
18 creatures vanquished.

Notes
Turn   | Place    | Note
-------+----------+-------------------------------------------
     0 | D:1      | Gorice the Gnoll Wanderer began the quest for the Orb.
     0 | D:1      | Gorice set off with the following items: a +2 quarterstaff,
                  | a +0 spear, a potion of lignification {!q}, a +0 robe, a +0
                  | dagger, a ration
     0 | D:1      | Reached XP level 1. HP: 13/13 MP: 2/2
   101 | D:1      | Reached XP level 2. HP: 19/19 MP: 3/3
   262 | D:1      | HP: 6/20 [giant cockroach (2)]
   266 | D:1      | Slain by a hobgoblin

Levels and vault maps discovered:
D:1:      lightli_arrival_farm, layout_basic, serial_forest,
          infiniplex_forest_diagonal, infiniplex_forest_lined_2,
          infiniplex_forest_fountain, infiniplex_forest_lined_room_3,
          infiniplex_forest_end_2, infiniplex_forest_lined_3,
          infiniplex_forest_straight_4, hangedman_decor_opposing, hex_large,
          kennysheep_crisscross, chequers_mini_garden, st_stairs_6

Action                   || total
-------------------------++-------
Melee: Quarterstaff      ||    36
       Bite              ||     2
 Stab: Sleeping          ||     6
Armor: Robe              ||    10
Dodge: Dodged            ||    23

Table legend:
 A = Non-vault XP
 B = Vault XP
 C = Vault XP percentage of total XP
 D = Non-vault monster count
 E = Vault monster count
 F = Vault count percentage of total count
                 A         B        C        D         E       F
            +---------+---------+-------+---------+---------+-------
      Total |      31 |       0 |   0.0 |      18 |       0 |   0.0
            +---------+---------+-------+---------+---------+-------
        D:1 |      31 |       0 |   0.0 |      18 |       0 |   0.0
            +---------+---------+-------+---------+---------+-------

Table legend:
 A = Turns spent in this place as a percentage of turns spent in the entire game.
 B = Non-inter-level travel turns spent in this place as a percentage of non-inter-level travel turns spent in the entire game.
 C = Inter-level travel turns spent in this place as a percentage of turns spent in this place.
 D = Turns resting spent in this place as a percentage of non-inter-level travel turns spent in this place.
 E = Turns spent auto-exploring this place as a percentage of non-inter-level travel turns spent in this place.
 F = Non-inter-level travel turns spent in this place divided by the number of levels of this place that you've seen.
                   A       B       C       D       E      F
               +-------+-------+-------+-------+-------+----------------------
         Total | 100.0 | 100.0 |   0.0 |   0.0 |  42.9 | 266.0
       Dungeon | 100.0 | 100.0 |   0.0 |   0.0 |  42.9 | 266.0
               +-------+-------+-------+-------+-------+----------------------

Levels and vault maps discovered:
D:1:      lightli_arrival_farm, layout_basic, serial_forest,
          infiniplex_forest_diagonal, infiniplex_forest_lined_2,
          infiniplex_forest_fountain, infiniplex_forest_lined_room_3,
          infiniplex_forest_end_2, infiniplex_forest_lined_3,
          infiniplex_forest_straight_4, hangedman_decor_opposing, hex_large,
          kennysheep_crisscross, chequers_mini_garden, st_stairs_6
